 Dungeon Crawl Stone Soup version 0.27.1-33-g824d729ab1 (webtiles) character file.

Game seed: 1678110571132271561

102 zeram the Ducker (level 4, -1/23 HPs)
             Began as a Spriggan Fighter on Dec 30, 2021.
             Was an Initiate of Gozag.
             Slain by a kobold brigand (5 damage)
             ... on level 5 of the Dungeon.
             The game lasted 00:04:24 (2958 turns).

zeram the Ducker (Spriggan Fighter)                 Turns: 2958, Time: 00:04:46

Health: -1/23      AC:  5    Str: 12    XL:     4   Next: 49%
Magic:  5/5        EV: 19    Int: 10    God:    Gozag
Gold:   103        SH:  6    Dex: 14    Spells: 3/3 levels left

rFire    . . .     SeeInvis +   a - +0 rapier
rCold    . . .     Faith    .   e - +0 buckler {AC+3}
rNeg     . . .     Spirit   .   b - +0 robe
rPois    .         Reflect  .   (helmet restricted)
rElec    .         Harm     .   (no cloak)
rCorr    .         Rampage  .   (gloves unavailable)
Will     .....                  (boots unavailable)
Stlth    ++........             i - amulet of the acrobat
HPRegen  0.07/turn              (no ring)
MPRegen  0.09/turn              (no ring)

@: mighty, very quick
A: very small, no large weapons, unfitting armour, see invisible, speed 3
a: Renounce Religion, Potion Petition, Call Merchant, Bribe Branch


You were on level 5 of the Dungeon.
You worshipped Gozag.
Gozag was aware of your devotion.
You visited 1 branch of the dungeon, and saw 4 of its levels.

You collected 167 gold pieces.
You paid 64 gold pieces to Gozag.

Inventory:

Hand Weapons
 a - a +0 rapier (weapon)
Armour
 b - a +0 robe (worn)
 c - a +0 buckler
 e - a +0 buckler of protection (worn)
Jewellery
 i - an amulet of the acrobat (around neck)
Scrolls
 f - 2 scrolls of teleportation {unknown}
 g - a scroll of noise {unknown}
 k - a scroll of identify
Potions
 h - a potion of magic
 j - a potion of curing


   Skills:
 - Level 2.4 Fighting
 - Level 2.1 Short Blades
 + Level 5.7 Dodging
 + Level 1.7 Stealth
 + Level 3.0 Shields


You had 3 spell levels left.
You didn't know any spells.
Your spell library was empty.

Dungeon Overview and Level Annotations

Branches:
Dungeon (5/15)
 Temple: D:4-7

Altars:
Gozag
Hepliaklqana
Qazlal
Ru

Shops:
D:2 ?


Innate Abilities, Weirdness & Mutations

You are very small and have problems with some larger weapons.
You are too small for most types of armour.
You have supernaturally acute eyesight. (SInv)
You cover ground extremely quickly. (Speed+++)


Message History

The frilled lizard bites the bush but does no damage.
The kobold brigand hits you with a +0 dagger.
The kobold completely misses you. The kobold misses you.
Something bites the bush but does no damage.
You puncture the kobold!
You kill the kobold!
The frilled lizard bites the bush but does no damage.
The kobold brigand hits you with a +0 dagger.
You block the kobold's attack.
Something bites the bush.
The kobold brigand hits you with a +0 dagger.
* * * LOW HITPOINT WARNING * * *
The frilled lizard bites the bush.
You puncture the kobold!
You kill the kobold!
Something bites the bush but does no damage.
The frilled lizard bites the bush but does no damage.
The kobold brigand closely misses you.
You puncture the kobold brigand!
The kobold brigand is heavily wounded.
Something bites the bush but does no damage.
You block the kobold brigand's attack.
The frilled lizard bites the bush but does no damage.
You hit the kobold brigand.
The kobold brigand is severely wounded.
Something bites the bush.
The frilled lizard bites the bush but does no damage.
The kobold brigand hits you with a +0 dagger.
* * * LOW HITPOINT WARNING * * *
You closely miss the kobold brigand.
The kobold brigand is severely wounded.
Something bites the bush but does no damage.
The frilled lizard bites the bush but does no damage.
You block the kobold brigand's attack.
You barely miss the kobold brigand.
The kobold brigand is severely wounded.
Something bites the bush but does no damage.
The frilled lizard bites the bush but does no damage.
The kobold brigand hits you with a +0 dagger.
You die...
Your body crumbles into a pile of gold. $ PPP♣♣## P.PP#P# ...PP♣ #P#lr.PP#

♣PP###PP#
PP÷..PP♣
##$$...P♣#
♣.@K....P#
♣.$$§...♣#
♣≈....÷.♣
♣P.....P♣
♣PP..=P#P#
♣PP#.PP♣ #
####.###
)#


You could see a kobold brigand, a frilled lizard and a rat.

Vanquished Creatures
  4 adders
  A worm (D:2)
  A dart slug (D:2)
  5 ball pythons
  4 endoplasms
  4 giant cockroaches
  6 goblins
  6 hobgoblins
  10 kobolds
  4 quokkas
  4 bats
  3 frilled lizards
  4 rats
56 creatures vanquished.

Vanquished Creatures (others)
  A plant (D:5)
  4 toadstools (D:3)
5 creatures vanquished.

Grand Total: 61 creatures vanquished

Notes
Turn   | Place    | Note
-------+----------+-------------------------------------------
     0 | D:1      | zeram the Spriggan Fighter began the quest for the Orb.
     0 | D:1      | Reached XP level 1. HP: 11/11 MP: 2/2
    45 | D:1      | Found a faded altar of an unknown god.
   472 | D:1      | Reached XP level 2. HP: 16/16 MP: 3/3
  1584 | D:2      | Reached XP level 3. HP: 19/19 MP: 4/4
  1634 | D:2      | Found a stormy altar of Qazlal.
  1652 | D:2      | Reached skill level 5 in Dodging
  2178 | D:2      | Found Kouvucashy's Magic Scroll Shop.
  2237 | D:2      | Reached skill level 1 in Stealth
  2570 | D:3      | Found an opulent altar of Gozag.
  2572 | D:3      | Found a hazy altar of Hepliaklqana.
  2578 | D:3      | Became a worshipper of Gozag Ym Sagoz the Greedy
  2591 | D:3      | Found a sacrificial altar of Ru.
  2620 | D:3      | Reached XP level 4. HP: 23/23 MP: 5/5
  2945 | D:3      | You fall into a shaft and drop 2 floors!
  2945 | D:5      | Entered Level 5 of the Dungeon
  2945 | D:5      | Noticed a kobold brigand
  2958 | D:5      | Slain by a kobold brigand

Illustrated notes

Levels and vault maps discovered:
D:1:      dpeg_arrival_pits, layout_basic, shapermc_ecumenical_altar_gd
D:2:      layout_loops_corners, basic_altar, serial_shops,
          nicolae_shop_statue_plus, minmay_pentomino_pile
D:3:      layout_loops_cross, mainiacjoe_overflow_tiny_flanked,
          grunt_temple_overflow_open, minivault_19, hangedman_decor_growths,
          minmay_gold_behind_fungi
D:5:      layout_rooms, lexackson_kobold_supper, uniq_menkaure

Skill      XL: |  1  2  3  4 |
---------------+-------------+-----
Dodging        | 5 |  5.7
Stealth        | 1 |  1.7
Shields        | 3 |  3.0
Fighting       | |  2.4
Short Blades   | |  2.1

Action                   |  1- 3 |  4- 6 || total
-------------------------+-------+-------++-------
Melee: Rapier            |   147 |    37 ||   184
  Use: Scroll            |     2 |       ||     2
       Potion            |       |     1 ||     1
 Stab: Sleeping          |     3 |       ||     3
Armor: Robe              |    21 |     7 ||    28
Dodge: Dodged            |    94 |    21 ||   115
Block: Buckler           |    35 |    17 ||    52
